Comets vs Wild

Created - Sunday, January 17, 2016 at 03:25

Goals
1 2 3 OT1 SO T
Comets 0 0 1 0 0 1
Wild 0 1 0 0 1 2
Shots
1 2 3 OT1 SO T
Comets 10 10 9 0 3 29
Wild 5 13 10 5 2 33

1st period

No Goal

Penalties :
Jon Landry (IOW) for Fighting (Major) at 1:47, Jared Boll (UTI) for Fighting (Major) at 1:47, Mat Clark (UTI) for Hooking (Minor) at 4:32, Colin Stuart (IOW) for Fighting (Major) at 12:44, Jared Boll (UTI) for Fighting (Major) at 12:44, Jared Boll (UTI) for instigated a fight (Minor) at 12:44, Jared Boll (UTI) for instigated a fight (10 Minutes Misconduct) at 12:44, Micheal Haley (IOW) for Roughing (Minor) at 15:12, Brendan Gaunce (UTI) for Boarding (Minor) at 17:42

2nd period

1. Wild , Colin Stuart 5 (Mike Moore, Dan Catenacci) at 11:22 (PP)

Penalties :
Keith Ballard (UTI) for Holding (Minor) at 0:42, Francis Wathier (IOW) for Fighting (Major) at 9:52, Jared Boll (UTI) for Fighting (Major / Game Misconduct) at 9:52, Jared Boll (UTI) for instigated a fight (Minor) at 9:52, Jared Boll (UTI) for instigated a fight (10 Minutes Misconduct) at 9:52, Steve Eminger (IOW) for Fighting (Major) at 11:37, Nicklas Jensen (UTI) for Fighting (Major) at 11:37, Corbin McPherson (UTI) for Roughing (Minor) at 16:50, Mark Pysyk (UTI) for Charging (Minor) at 19:46

3rd period

2. Comets , Tyler Kennedy 15 (Andrew Ference) at 9:34

Penalties :
Steve Eminger (IOW) for Goalie Interference (Minor) at 0:39, Steve Eminger (IOW) for Slashing (Minor) at 4:18, Jon Landry (IOW) for Fighting (Major) at 10:07, Jeremy Welsh (UTI) for Fighting (Major) at 10:07, Jani Hakanpaa (IOW) for Fighting (Major) at 12:59, Corbin McPherson (UTI) for Fighting (Major) at 12:59, Jani Hakanpaa (IOW) for instigated a fight (Minor) at 12:59, Jani Hakanpaa (IOW) for instigated a fight (10 Minutes Misconduct) at 12:59, Devin Shore (IOW) for Roughing (Minor) at 16:39

Overtime #1

No Goal

Penalties :
No Penalty

Shootout

Penalty Shot by John Scott for Comets - Shot Misses the Net
Penalty Shot by Devin Shore for Wild - Goal!
Penalty Shot by Tyler Kennedy for Comets - Stopped by Doug Carr
Penalty Shot by Mark Van Guilder for Wild - Stopped by Mike Condon
Penalty Shot by Mike Sislo for Comets - Stopped by Doug Carr

Penalties :
No Penalty

Goalie Stats

Mike Condon (UTI), 32 saves from 33 shots - (0.970), OTL, 25-12-7, 65:00 minutes
Doug Carr (IOW), 28 saves from 29 shots - (0.966), W, 5-4-3, 65:00 minutes

Players Stats for Comets

Player Name              G  A  P  +/- PIM S  H  SB GA TA FO     MP     PP MP  PK MP  
------------------------------------------------------------------------------------
A.J. Jenks               0  0  0   0  0   0  0  0  1  1  0/0     4:23   0:00   0:00 
Andrew Ference           0  1  1   1  0   2  5  4  2  2  0/0    30:05   3:53   8:40 
Ben Hanowski             0  0  0   1  0   6  1  1  3  0  1/1    19:44   4:10   1:03 
Brendan Gaunce           0  0  0   0  2   0  1  0  1  0  3/8    17:54   0:22   2:50 
Corbin McPherson         0  0  0   0  7   1  0  1  0  1  0/0    12:40   0:51   0:00 
Derek Meech              0  0  0   0  0   1  2  3  0  1  0/0    14:10   0:00   1:59 
Jared Boll               0  0  0   0  49  1  1  0  1  0  0/0     1:46   0:00   0:00 
Jeremy Welsh             0  0  0   1  5   3  0  0  0  0  4/8    17:13   2:47   3:56 
John Scott               0  0  0   0  0   0  4  2  2  1  1/2    25:00   4:35   3:38 
Keith Ballard            0  0  0   0  2   1  3  0  1  3  0/0    25:45   3:53   6:41 
Kent Huskins             0  0  0   0  0   0  0  2  0  0  0/0    15:13   4:05   0:00 
Landon Ferraro           0  0  0   0  0   3  1  0  3  0  7/10   17:16   4:32   2:07 
Mark Pysyk               0  0  0   0  2   1  1  1  0  2  0/0    21:30   4:08   3:38 
Mat Clark                0  0  0   1  2   0  0  0  0  0  0/0     3:56   0:00   0:00 
Mike Sislo               0  0  0   0  0   2  0  1  1  1  0/1    24:08   3:47   7:22 
Nicklas Jensen           0  0  0   0  5   0  2  0  0  1  1/3    14:40   2:23   0:00 
Scott Glennie            0  0  0   0  0   1  4  0  1  0  1/1    16:53   1:11   0:00 
Tyler Kennedy            1  0  1   1  0   7  3  1  3  2  8/17   24:35   3:28   7:44 

Players Stats for Wild

Player Name              G  A  P  +/- PIM S  H  SB GA TA FO     MP     PP MP  PK MP  
------------------------------------------------------------------------------------
Alex Friesen             0  0  0  -1  0   5  1  1  0  1  12/19  20:32   7:06   2:23 
Anthony Camara           0  0  0   0  0   0  1  1  1  0  0/0     9:49   0:00   0:00 
Cam Janssen              0  0  0  -1  0   0  0  0  0  1  0/0     6:54   0:00   0:09 
Colin Stuart             1  0  1  -1  5   2  1  0  3  1  0/0    14:29   4:19   1:17 
Dan Catenacci            0  1  1   0  0   4  0  1  3  1  0/1    21:45   5:12   2:10 
David Wolf               0  0  0   0  0   0  2  0  3  1  6/10   10:58   0:00   0:18 
Devin Shore              0  0  0   0  2   1  0  0  0  0  3/9    16:42   0:53   4:05 
Francis Wathier          0  0  0   0  5   0  1  0  0  1  0/0     9:10   0:00   0:46 
Garrett Mitchell         0  0  0   0  0   1  0  0  1  0  0/0     8:05   0:00   0:00 
Jani Hakanpaa            0  0  0   0  17  2  1  1  1  1  0/0    13:45   0:25   0:34 
Jerome Leduc             0  0  0   0  0   1  1  1  0  1  0/0    16:23   0:00   2:17 
Jon Landry               0  0  0   0  10  3  2  1  0  0  0/0    22:15   5:37   1:00 
Julius Honka             0  0  0  -1  0   4  2  1  0  2  0/0    29:01   6:16   7:11 
Mark Van Guilder         0  0  0   0  0   3  2  0  4  0  3/11   22:43   5:12   5:22 
Michael Keranen          0  0  0   0  0   1  0  0  0  0  1/1    17:42   7:06   0:00 
Micheal Haley            0  0  0   0  2   2  1  1  1  1  0/0    20:45   7:06   1:17 
Mike Moore               0  1  1   0  0   2  1  1  0  2  0/0    23:41   6:02   1:38 
Steve Eminger            0  0  0  -1  9   2  0  4  0  0  0/0    25:25   6:15   4:58 

3 Stars

1 - Mike Condon (UTI)
2 - Doug Carr (IOW)
3 - Tyler Kennedy (UTI)

Power Play

Comets - 0 on 5 Attempt(s) - 0.00%
Wild - 1 on 7 Attempt(s) - 14.29%

Penalty Kill

Comets - 6 on 7 Attempt(s) - 85.71% - Score 0 goal in Penalty Kill
Wild - 5 on 5 Attempt(s) - 100.00% - Score 0 goal in Penalty Kill

Team Stat

Comets - Hits : 28 - Faceoff Wins : 26 - Blocked Shots : 16 - Penalty Minutes : 74
Wild - Hits : 16 - Faceoff Wins : 25 - Blocked Shots : 13 - Penalty Minutes : 50

Official

Referees : Unknown
Linesman : Unknown

Game Notes

Jon Landry and Jared Boll fight to a draw at 1:47 of 1st period
Colin Stuart and Jared Boll fight to a draw at 12:44 of 1st period
Jared Boll beats up Francis Wathier at 9:52 of 2nd period
Jared Boll ejected from game at 9:52 of 2nd period
Steve Eminger and Nicklas Jensen fight to a draw at 11:37 of 2nd period
Jon Landry beats up Jeremy Welsh at 10:07 of 3rd period
Jani Hakanpaa and Corbin McPherson fight to a draw at 12:59 of 3rd period

Finance

Level 1 -- Attendance: 1356 (67.80%) -- Ticket Income $47,460
Level 2 -- Attendance: 738 (73.80%) -- Ticket Income $11,070
Total Attendance: 2094 (69.80%)
Total Ticket Income: $58,530
Other Income: $28,680
Total Income: $87,210

Comets

5 vs 5 Forward 
   Center                   Left Wing                Right Wing               Time % Phy DF OF 
 1 Jeremy Welsh             John Scott               Tyler Kennedy            35     1   2  2  
 2 Landon Ferraro           Ben Hanowski             Mike Sislo               30     1   2  2  
 3 Brendan Gaunce           Nicklas Jensen           Jared Boll               22     1   2  2  
 4 John Scott               A.J. Jenks               Scott Glennie            13     1   2  2  

5 vs 5 Defense 
   Defense                  Defense                                           Time % Phy DF OF 
 1 Andrew Ference           Keith Ballard                                     35     1   2  2  
 2 Mark Pysyk               Kent Huskins                                      30     1   2  2  
 3 Corbin McPherson         Derek Meech                                       22     1   2  2  
 4 Mat Clark                Andrew Ference                                    13     1   2  2  

PowerPlay Forward 
   Center                   Left Wing                Right Wing               Time % Phy DF OF 
 1 Jeremy Welsh             John Scott               Tyler Kennedy            60     1   2  2  
 2 Landon Ferraro           Ben Hanowski             Mike Sislo               40     1   2  2  

PowerPlay Defense
   Defense                  Defense                                           Time % Phy DF OF 
 1 Andrew Ference           Keith Ballard                                     60     1   2  2  
 2 Mark Pysyk               Kent Huskins                                      40     1   2  2  

Penalty Kill 4 Players Forward 
   Center                   Wing                     Time % Phy DF OF 
 1 Tyler Kennedy            Mike Sislo               60     1   2  2  
 2 Jared Boll               Jeremy Welsh             40     1   2  2  

Penalty Kill 4 Players Defense
   Defense                  Defense                  Time % Phy DF OF 
 1 Andrew Ference           Keith Ballard            60     1   2  2  
 2 John Scott               Mark Pysyk               40     1   2  2  

Penalty Kill - 3 Players Forward 
   Forward                                           Time % Phy DF OF 
 1 Tyler Kennedy                                     60     1   2  2  
 2 Mike Sislo                                        40     1   2  2  

Penalty Kill - 3 Players Defense
   Defense                  Defense                  Time % Phy DF OF 
 1 Andrew Ference           Keith Ballard            60     1   2  2  
 2 John Scott               Mark Pysyk               40     1   2  2  

4 vs 4 Forward 
   Center                   Wing                     Time % Phy DF OF 
 1 Tyler Kennedy            Mike Sislo               60     1   2  2  
 2 Jared Boll               Jeremy Welsh             40     1   2  2  

4 vs 4 Defense
   Defense                  Defense                  Time % Phy DF OF 
 1 Andrew Ference           Keith Ballard            60     1   2  2  
 2 John Scott               Mark Pysyk               40     1   2  2  

Last Minutes Offensive
   Center                   Left Wing                Right Wing               Defense                  Defense                  
   Jeremy Welsh             John Scott               Tyler Kennedy            Andrew Ference           Keith Ballard            

Last Minutes Defensive
   Center                   Left Wing                Right Wing               Defense                  Defense                  
   Jeremy Welsh             John Scott               Tyler Kennedy            Andrew Ference           Keith Ballard            

Goaltenders
Starting : Mike Condon              
Backup : Scott Wedgewood          

Extra Forwards
Normal : Nicklas Jensen, Scott Glennie, Brendan Gaunce - PP : Nicklas Jensen, Scott Glennie - PK : Brendan Gaunce
Extra Defensemen
Normal : Corbin McPherson, Derek Meech, Mat Clark - PP : Corbin McPherson - PK : Derek Meech, Mat Clark
Penalty Shots
John Scott, Tyler Kennedy, Mike Sislo, Jared Boll, Jeremy Welsh

Wild

5 vs 5 Forward 
   Center                   Left Wing                Right Wing               Time % Phy DF OF 
 1 David Wolf               Dan Catenacci            Micheal Haley            35     1   2  2  
 2 Devin Shore              Anthony Camara           Michael Keranen          30     1   2  2  
 3 Mark Van Guilder         Francis Wathier          Garrett Mitchell         22     1   2  2  
 4 Alex Friesen             Colin Stuart             Cam Janssen              13     1   2  2  

5 vs 5 Defense 
   Defense                  Defense                                           Time % Phy DF OF 
 1 Steve Eminger            Julius Honka                                      35     1   2  2  
 2 Jerome Leduc             Mike Moore                                        30     1   2  2  
 3 Jani Hakanpaa            Jon Landry                                        22     1   2  2  
 4 Jon Landry               Steve Eminger                                     13     1   2  2  

PowerPlay Forward 
   Center                   Left Wing                Right Wing               Time % Phy DF OF 
 1 Alex Friesen             Micheal Haley            Michael Keranen          60     1   2  2  
 2 Mark Van Guilder         Colin Stuart             Dan Catenacci            40     1   2  2  

PowerPlay Defense
   Defense                  Defense                                           Time % Phy DF OF 
 1 Steve Eminger            Julius Honka                                      60     1   2  2  
 2 Jon Landry               Mike Moore                                        40     1   2  2  

Penalty Kill 4 Players Forward 
   Center                   Wing                     Time % Phy DF OF 
 1 Devin Shore              Mark Van Guilder         60     1   2  2  
 2 Micheal Haley            Colin Stuart             40     1   2  2  

Penalty Kill 4 Players Defense
   Defense                  Defense                  Time % Phy DF OF 
 1 Steve Eminger            Julius Honka             60     1   2  2  
 2 Jon Landry               Mike Moore               40     1   2  2  

Penalty Kill - 3 Players Forward 
   Forward                                           Time % Phy DF OF 
 1 Devin Shore                                       60     1   2  2  
 2 Mark Van Guilder                                  40     1   2  2  

Penalty Kill - 3 Players Defense
   Defense                  Defense                  Time % Phy DF OF 
 1 Steve Eminger            Julius Honka             60     1   2  2  
 2 Jon Landry               Mike Moore               40     1   2  2  

4 vs 4 Forward 
   Center                   Wing                     Time % Phy DF OF 
 1 Alex Friesen             Mark Van Guilder         60     1   2  2  
 2 Micheal Haley            Colin Stuart             40     1   2  2  

4 vs 4 Defense
   Defense                  Defense                  Time % Phy DF OF 
 1 Steve Eminger            Julius Honka             60     1   2  2  
 2 Jon Landry               Mike Moore               40     1   2  2  

Last Minutes Offensive
   Center                   Left Wing                Right Wing               Defense                  Defense                  
   David Wolf               Micheal Haley            Michael Keranen          Steve Eminger            Julius Honka             

Last Minutes Defensive
   Center                   Left Wing                Right Wing               Defense                  Defense                  
   Alex Friesen             Micheal Haley            Michael Keranen          Steve Eminger            Julius Honka             

Goaltenders
Starting : Doug Carr                
Backup : Jordan Binnington        

Extra Forwards
Normal : Devin Shore, Colin Stuart, Alex Friesen - PP : Devin Shore, Colin Stuart - PK : Alex Friesen
Extra Defensemen
Normal : Jani Hakanpaa, Jerome Leduc, Jon Landry - PP : Jani Hakanpaa - PK : Jerome Leduc, Jon Landry
Penalty Shots
Devin Shore, Mark Van Guilder, Micheal Haley, Colin Stuart, Dan Catenacci

% Time on Ice - Comets

Lines # - Real PCT - Wanted PCT - Time Play
Normal Forward
1 - 29% - 35% - 11:05
2 - 24% - 30% - 8:57
3 - 35% - 22% - 13:22
4 - 12% - 13% - 4:23
Normal Defense
1 - 31% - 35% - 11:39
2 - 31% - 30% - 11:34
3 - 31% - 22% - 11:48
4 - 7% - 13% - 2:46
PP Forward
1 - 49% - 60% - 4:17
2 - 51% - 40% - 4:32
PP Defense
1 - 44% - 60% - 3:53
2 - 56% - 40% - 4:56
PK Forward
1 - 68% - 60% - 8:22
2 - 32% - 40% - 3:56
PK Defense
1 - 70% - 60% - 8:40
2 - 30% - 40% - 3:38
PK3 Forward
1 - 0% - 60%
2 - 0% - 40%
PK3 Defense
1 - 0% - 60%
2 - 0% - 40%
44 Forward
1 - 92% - 60% - 5:36
2 - 8% - 40% - 0:30
44 Defense
1 - 58% - 60% - 3:33
2 - 42% - 40% - 2:33
Last Minute Offensive  - 0:00
Last Minute Defensive  - 0:00
Total
Forward - 65:00
Defense - 65:00

% Time on Ice - Wild

Lines # - Real PCT - Wanted PCT - Time Play
Normal Forward
1 - 33% - 35% - 12:17
2 - 30% - 30% - 11:14
3 - 21% - 22% - 8:05
4 - 16% - 13% - 6:11
Normal Defense
1 - 31% - 35% - 11:40
2 - 34% - 30% - 12:47
3 - 27% - 22% - 10:11
4 - 8% - 13% - 3:09
PP Forward
1 - 58% - 60% - 7:06
2 - 42% - 40% - 5:12
PP Defense
1 - 51% - 60% - 6:16
2 - 49% - 40% - 6:02
PK Forward
1 - 83% - 60% - 7:18
2 - 17% - 40% - 1:31
PK Defense
1 - 81% - 60% - 7:11
2 - 19% - 40% - 1:38
PK3 Forward
1 - 0% - 60%
2 - 0% - 40%
PK3 Defense
1 - 0% - 60%
2 - 0% - 40%
44 Forward
1 - 92% - 60% - 5:37
2 - 8% - 40% - 0:29
44 Defense
1 - 64% - 60% - 3:54
2 - 36% - 40% - 2:12
Last Minute Offensive  - 0:00
Last Minute Defensive  - 0:00
Total
Forward - 65:00
Defense - 65:00

Play by Play

1st period


0:01 of 1st period - David Wolf wins face-off versus Jeremy Welsh in neutral zone.
0:04 of 1st period - Wrist shot by David Wolf.
0:04 of 1st period - Shot Misses the Net.
0:06 of 1st period - Slapshot by Julius Honka.
0:06 of 1st period - Stopped by Mike Condon without a rebound.
0:07 of 1st period - David Wolf wins face-off versus Jeremy Welsh in Comets zone.
0:20 of 1st period - Wrist shot by Tyler Kennedy.
0:20 of 1st period - Shot Blocked by Dan Catenacci.
1:47 of 1st period - Jon Landry and Jared Boll fight to a draw.
1:47 of 1st period - Penalty to Jon Landry for Fighting.
1:47 of 1st period - Penalty to Jared Boll for Fighting.
1:48 of 1st period - John Scott wins face-off versus Mark Van Guilder in Wild zone.
2:01 of 1st period - Snap shot by Garrett Mitchell.
2:01 of 1st period - Deflect By Francis Wathier.
2:01 of 1st period - Shot Misses the Net.
2:01 of 1st period - Puck is out of play.
2:02 of 1st period - Mark Van Guilder wins face-off versus John Scott in Comets zone.
3:18 of 1st period - Derek Meech is hit by Colin Stuart and loses puck.
3:58 of 1st period - Kent Huskins is hit by David Wolf and loses puck.
4:15 of 1st period - Snap shot by Ben Hanowski.
4:15 of 1st period - Shot Misses the Net.
4:17 of 1st period - Snap shot by Ben Hanowski.
4:17 of 1st period - Shot Blocked by Mike Moore.
4:19 of 1st period - Snap shot by Landon Ferraro.
4:19 of 1st period - Stopped by Doug Carr without a rebound.
4:20 of 1st period - Landon Ferraro wins face-off versus Devin Shore in Wild zone.
4:32 of 1st period - Minor Penalty to Mat Clark for Hooking.
4:33 of 1st period - Alex Friesen wins face-off versus Tyler Kennedy in Comets zone.
5:32 of 1st period - Mike Moore is hit by Tyler Kennedy and loses puck.
5:43 of 1st period - Slapshot by Mark Van Guilder.
5:43 of 1st period - Shot Misses the Net.
5:45 of 1st period - Snap shot by Colin Stuart.
5:45 of 1st period - Stopped by Mike Condon without a rebound.
5:46 of 1st period - Michael Keranen wins face-off versus Brendan Gaunce in Comets zone.
6:00 of 1st period - Icing by Alex Friesen.
6:01 of 1st period - Alex Friesen wins face-off versus Brendan Gaunce in Wild zone.
6:08 of 1st period - Slapshot by Micheal Haley.
6:08 of 1st period - Shot Misses the Net.
6:32 of 1st period - Penalty to Mat Clark is over, Mat Clark is back on ice.
7:17 of 1st period - Jani Hakanpaa is hit by Derek Meech and loses puck.
7:36 of 1st period - Jani Hakanpaa is hit by Derek Meech and loses puck.
8:03 of 1st period - Snap shot by Scott Glennie.
8:03 of 1st period - Shot Misses the Net.
8:35 of 1st period - Snap shot by Jared Boll.
8:35 of 1st period - Stopped by Doug Carr with a rebound.
8:37 of 1st period - Slapshot by Andrew Ference.
8:37 of 1st period - Stopped by Doug Carr with a rebound.
8:39 of 1st period - Slapshot by Keith Ballard.
8:39 of 1st period - Shot Blocked by Micheal Haley.
8:57 of 1st period - Wrist shot by Jeremy Welsh.
8:57 of 1st period - Stopped by Doug Carr with a rebound.
10:26 of 1st period - Wrist shot by Ben Hanowski.
10:26 of 1st period - Stopped by Doug Carr with a rebound.
11:09 of 1st period - Jani Hakanpaa is hit by Jared Boll and loses puck.
11:50 of 1st period - Mike Sislo is hit by Jon Landry and loses puck.
12:03 of 1st period - Derek Meech is hit by Alex Friesen and loses puck.
12:10 of 1st period - Slapshot by Alex Friesen.
12:10 of 1st period - Stopped by Mike Condon with a rebound.
12:12 of 1st period - Wrist shot by Jerome Leduc.
12:12 of 1st period - Shot Blocked by Ben Hanowski.
12:14 of 1st period - Wrist shot by Alex Friesen.
12:14 of 1st period - Shot Blocked by Mike Sislo.
12:16 of 1st period - Slapshot by Jerome Leduc.
12:16 of 1st period - Stopped by Mike Condon without a rebound.
12:17 of 1st period - Landon Ferraro wins face-off versus David Wolf in Comets zone.
12:44 of 1st period - Colin Stuart and Jared Boll fight to a draw.
12:44 of 1st period - Penalty to Colin Stuart for Fighting.
12:44 of 1st period - Penalty to Jared Boll for Fighting.
12:44 of 1st period - Penalty to Jared Boll for instigated a fight.
12:44 of 1st period - Penalty to Jared Boll for instigated a fight.
12:45 of 1st period - Alex Friesen wins face-off versus Tyler Kennedy in neutral zone.
12:50 of 1st period - Snap shot by Micheal Haley.
12:50 of 1st period - Shot Misses the Net.
13:16 of 1st period - Slapshot by Keith Ballard.
13:16 of 1st period - Shot Blocked by Steve Eminger.
13:20 of 1st period - Slapshot by Andrew Ference.
13:20 of 1st period - Shot Misses the Net.
13:22 of 1st period - Wrist shot by Jeremy Welsh.
13:22 of 1st period - Stopped by Doug Carr without a rebound.
13:23 of 1st period - Mark Van Guilder wins face-off versus Brendan Gaunce in Wild zone.
13:32 of 1st period - Snap shot by Dan Catenacci.
13:32 of 1st period - Stopped by Mike Condon with a rebound.
13:34 of 1st period - Wrist shot by Mark Van Guilder.
13:34 of 1st period - Shot Blocked by John Scott.
13:36 of 1st period - Slapshot by Mark Van Guilder.
13:36 of 1st period - Shot Misses the Net.
13:38 of 1st period - Snap shot by Mark Van Guilder.
13:38 of 1st period - Deflect By Dan Catenacci.
13:38 of 1st period - Shot Blocked by John Scott.
13:38 of 1st period - Puck is out of play.
13:39 of 1st period - Alex Friesen wins face-off versus Tyler Kennedy in Comets zone.
14:12 of 1st period - Mike Moore is hit by John Scott and loses puck.
14:44 of 1st period - Penalty to Jared Boll is over, Ben Hanowski is send on ice.
15:12 of 1st period - Minor Penalty to Micheal Haley for Roughing.
15:13 of 1st period - Jeremy Welsh wins face-off versus Devin Shore in Wild zone.
15:46 of 1st period - Slapshot by Ben Hanowski.
15:46 of 1st period - Stopped by Doug Carr without a rebound.
15:47 of 1st period - Devin Shore wins face-off versus Landon Ferraro in Wild zone.
16:01 of 1st period - Wrist shot by Landon Ferraro.
16:01 of 1st period - Shot Misses the Net.
16:03 of 1st period - Wrist shot by Ben Hanowski.
16:03 of 1st period - Shot Misses the Net.
16:19 of 1st period - Julius Honka is hit by Andrew Ference and loses puck.
16:42 of 1st period - Wrist shot by Ben Hanowski.
16:42 of 1st period - Stopped by Doug Carr with a rebound.
16:44 of 1st period - Slapshot by Landon Ferraro.
16:44 of 1st period - Shot Misses the Net.
17:12 of 1st period - Penalty to Micheal Haley is over, Micheal Haley is back on ice.
17:42 of 1st period - Minor Penalty to Brendan Gaunce for Boarding.
17:43 of 1st period - Alex Friesen wins face-off versus Tyler Kennedy in Comets zone.
17:44 of 1st period - Penalty to Jared Boll is over, Ben Hanowski is send on ice.
18:18 of 1st period - Slapshot by Andrew Ference.
18:18 of 1st period - Shot Misses the Net.
18:24 of 1st period - Dan Catenacci is hit by Keith Ballard and loses puck.
18:49 of 1st period - Backhand shot by Michael Keranen.
18:49 of 1st period - Deflect By Alex Friesen.
18:49 of 1st period - Shot Misses the Net.
18:49 of 1st period - Puck is out of play.
18:50 of 1st period - Landon Ferraro wins face-off versus Alex Friesen in Comets zone.
19:01 of 1st period - Wrist shot by Tyler Kennedy.
19:01 of 1st period - Stopped by Doug Carr without a rebound.
19:02 of 1st period - Tyler Kennedy wins face-off versus Mark Van Guilder in Wild zone.
19:42 of 1st period - Penalty to Brendan Gaunce is over, Brendan Gaunce is back on ice.
19:58 of 1st period - Slapshot by Derek Meech.
19:58 of 1st period - Stopped by Doug Carr with a rebound.
Goals for this period are 0 for Comets vs 0 for Wild.
Shots for this period are 10 for Comets vs 5 for Wild.

2nd period


0:01 of 2nd period - David Wolf wins face-off versus Jeremy Welsh in neutral zone.
0:42 of 2nd period - Minor Penalty to Keith Ballard for Holding.
0:43 of 2nd period - Tyler Kennedy wins face-off versus Alex Friesen in Comets zone.
1:05 of 2nd period - Off-side.
1:06 of 2nd period - Tyler Kennedy wins face-off versus Mark Van Guilder in neutral zone.
1:13 of 2nd period - Snap shot by Mike Moore.
1:13 of 2nd period - Stopped by Mike Condon with a rebound.
1:15 of 2nd period - Wrist shot by Colin Stuart.
1:15 of 2nd period - Shot Misses the Net.
1:37 of 2nd period - Jon Landry is hit by Brendan Gaunce and loses puck.
1:44 of 2nd period - Mark Van Guilder is hit by Andrew Ference and loses puck.
2:03 of 2nd period - Wrist shot by Micheal Haley.
2:03 of 2nd period - Shot Blocked by Andrew Ference.
2:05 of 2nd period - Wrist shot by Micheal Haley.
2:05 of 2nd period - Stopped by Mike Condon with a rebound.
2:07 of 2nd period - Slapshot by Steve Eminger.
2:07 of 2nd period - Shot Blocked by Andrew Ference.
2:42 of 2nd period - Penalty to Keith Ballard is over, Keith Ballard is back on ice.
2:43 of 2nd period - Alex Friesen is hit by Andrew Ference and loses puck.
3:17 of 2nd period - Snap shot by Francis Wathier.
3:17 of 2nd period - Shot Blocked by Kent Huskins.
4:06 of 2nd period - Wrist shot by Landon Ferraro.
4:06 of 2nd period - Stopped by Doug Carr with a rebound.
4:30 of 2nd period - Scott Glennie is hit by Micheal Haley and loses puck.
4:47 of 2nd period - Icing by Jani Hakanpaa.
4:48 of 2nd period - Mark Van Guilder wins face-off versus Jeremy Welsh in Wild zone.
5:51 of 2nd period - Slapshot by Landon Ferraro.
5:51 of 2nd period - Stopped by Doug Carr without a rebound.
5:52 of 2nd period - Ben Hanowski wins face-off versus Devin Shore in Wild zone.
6:14 of 2nd period - Julius Honka is hit by Landon Ferraro and loses puck.
6:59 of 2nd period - Off-side.
7:00 of 2nd period - Brendan Gaunce wins face-off versus Mark Van Guilder in neutral zone.
7:17 of 2nd period - Garrett Mitchell is hit by Andrew Ference and loses puck.
7:24 of 2nd period - Jerome Leduc is hit by Tyler Kennedy and loses puck.
7:44 of 2nd period - 10 Minutes Misconduct Penalty to Jared Boll is over.
7:49 of 2nd period - Snap shot by Alex Friesen.
7:49 of 2nd period - Stopped by Mike Condon with a rebound.
8:09 of 2nd period - Colin Stuart is hit by Scott Glennie.
8:21 of 2nd period - Snap shot by Dan Catenacci.
8:21 of 2nd period - Stopped by Mike Condon with a rebound.
8:23 of 2nd period - Slapshot by Jani Hakanpaa.
8:23 of 2nd period - Shot Blocked by Derek Meech.
8:25 of 2nd period - Wrist shot by Jani Hakanpaa.
8:25 of 2nd period - Stopped by Mike Condon with a rebound.
8:27 of 2nd period - Snap shot by Dan Catenacci.
8:27 of 2nd period - Stopped by Mike Condon with a rebound.
8:29 of 2nd period - Slapshot by Jon Landry.
8:29 of 2nd period - Stopped by Mike Condon without a rebound.
8:30 of 2nd period - Landon Ferraro wins face-off versus David Wolf in Comets zone.
8:30 of 2nd period - Landon Ferraro is hit by Jani Hakanpaa.
8:42 of 2nd period - Slapshot by Keith Ballard.
8:42 of 2nd period - Shot Blocked by Jani Hakanpaa.
9:12 of 2nd period - Off-side.
9:13 of 2nd period - Jeremy Welsh wins face-off versus Devin Shore in neutral zone.
9:21 of 2nd period - Slapshot by Kent Huskins.
9:21 of 2nd period - Shot Misses the Net.
9:23 of 2nd period - Wrist shot by Kent Huskins.
9:23 of 2nd period - Shot Misses the Net.
9:25 of 2nd period - Slapshot by Tyler Kennedy.
9:25 of 2nd period - Stopped by Doug Carr with a rebound.
9:48 of 2nd period - Francis Wathier is hit by Mark Pysyk and loses puck.
9:52 of 2nd period - Jared Boll beats up Francis Wathier.
9:52 of 2nd period - Penalty to Francis Wathier for Fighting.
9:52 of 2nd period - Penalty to Jared Boll for Fighting.
9:52 of 2nd period - Jared Boll is ejected from game.
9:52 of 2nd period - Penalty to Jared Boll for instigated a fight.
9:52 of 2nd period - Penalty to Jared Boll for instigated a fight.
9:53 of 2nd period - Tyler Kennedy wins face-off versus Mark Van Guilder in Wild zone.
9:54 of 2nd period - Wrist shot by Mike Sislo.
9:54 of 2nd period - Stopped by Doug Carr with a rebound.
10:03 of 2nd period - Off-side.
10:04 of 2nd period - Tyler Kennedy wins face-off versus Mark Van Guilder in neutral zone.
10:31 of 2nd period - Slapshot by Andrew Ference.
10:31 of 2nd period - Deflect By Tyler Kennedy.
10:31 of 2nd period - Stopped by Doug Carr without a rebound.
10:32 of 2nd period - Alex Friesen wins face-off versus Tyler Kennedy in Wild zone.
10:32 of 2nd period - Alex Friesen is hit by John Scott.
10:48 of 2nd period - Wrist shot by Michael Keranen.
10:48 of 2nd period - Shot Blocked by Mark Pysyk.
11:06 of 2nd period - Snap shot by Tyler Kennedy.
11:06 of 2nd period - Stopped by Doug Carr without a rebound.
11:07 of 2nd period - Tyler Kennedy wins face-off versus Mark Van Guilder in Wild zone.
11:18 of 2nd period - Snap shot by Colin Stuart.
11:18 of 2nd period - Shot Misses the Net.
11:20 of 2nd period - Slapshot by Mike Moore.
11:20 of 2nd period - Stopped by Mike Condon with a rebound.
11:22 of 2nd period - Snap shot by Colin Stuart.
11:22 of 2nd period - Deflect By Andrew Ference.
11:22 of 2nd period - Goal by Colin Stuart - Comets : 0 - Wild : 1.
11:23 of 2nd period - Brendan Gaunce wins face-off versus David Wolf in neutral zone.
11:37 of 2nd period - Steve Eminger and Nicklas Jensen fight to a draw.
11:37 of 2nd period - Penalty to Steve Eminger for Fighting.
11:37 of 2nd period - Penalty to Nicklas Jensen for Fighting.
11:38 of 2nd period - Brendan Gaunce wins face-off versus Dan Catenacci in Wild zone.
11:53 of 2nd period - Slapshot by David Wolf.
11:53 of 2nd period - Shot Misses the Net.
12:05 of 2nd period - Slapshot by Micheal Haley.
12:05 of 2nd period - Stopped by Mike Condon with a rebound.
12:07 of 2nd period - Snap shot by Dan Catenacci.
12:07 of 2nd period - Shot Blocked by Andrew Ference.
12:31 of 2nd period - Andrew Ference is hit by Anthony Camara and loses puck.
13:51 of 2nd period - Slapshot by Landon Ferraro.
13:51 of 2nd period - Deflect By Ben Hanowski.
13:51 of 2nd period - Stopped by Doug Carr without a rebound.
13:52 of 2nd period - Landon Ferraro wins face-off versus Alex Friesen in Wild zone.
13:59 of 2nd period - Slapshot by Ben Hanowski.
13:59 of 2nd period - Stopped by Doug Carr with a rebound.
15:41 of 2nd period - Snap shot by Ben Hanowski.
15:41 of 2nd period - Shot Blocked by Jon Landry.
15:43 of 2nd period - Snap shot by Scott Glennie.
15:43 of 2nd period - Stopped by Doug Carr with a rebound.
15:45 of 2nd period - Wrist shot by Ben Hanowski.
15:45 of 2nd period - Shot Misses the Net.
15:47 of 2nd period - Snap shot by Scott Glennie.
15:47 of 2nd period - Shot Misses the Net.
15:57 of 2nd period - Kent Huskins is hit by Jon Landry and loses puck.
16:44 of 2nd period - Wrist shot by Mark Van Guilder.
16:44 of 2nd period - Stopped by Mike Condon without a rebound.
16:45 of 2nd period - David Wolf wins face-off versus Brendan Gaunce in Comets zone.
16:48 of 2nd period - Slapshot by Micheal Haley.
16:48 of 2nd period - Shot Blocked by Derek Meech.
16:50 of 2nd period - Minor Penalty to Corbin McPherson for Roughing.
16:51 of 2nd period - Alex Friesen wins face-off versus Tyler Kennedy in Comets zone.
16:52 of 2nd period - Wrist shot by Michael Keranen.
16:52 of 2nd period - Shot Misses the Net.
16:54 of 2nd period - Slapshot by Steve Eminger.
16:54 of 2nd period - Shot Misses the Net.
16:56 of 2nd period - Snap shot by Alex Friesen.
16:56 of 2nd period - Stopped by Mike Condon without a rebound.
16:57 of 2nd period - Alex Friesen wins face-off versus Tyler Kennedy in Comets zone.
17:48 of 2nd period - Wrist shot by Mark Pysyk.
17:48 of 2nd period - Stopped by Doug Carr with a rebound.
18:50 of 2nd period - Penalty to Corbin McPherson is over, Corbin McPherson is back on ice.
19:41 of 2nd period - Snap shot by Devin Shore.
19:41 of 2nd period - Stopped by Mike Condon with a rebound.
19:43 of 2nd period - Slapshot by Jon Landry.
19:43 of 2nd period - Deflect By Michael Keranen.
19:43 of 2nd period - Deflect By Brendan Gaunce.
19:43 of 2nd period - Shot Misses the Net.
19:43 of 2nd period - Puck is out of play.
19:44 of 2nd period - Landon Ferraro wins face-off versus Devin Shore in Comets zone.
19:46 of 2nd period - Minor Penalty to Mark Pysyk for Charging.
19:47 of 2nd period - Alex Friesen wins face-off versus Mike Sislo in Comets zone.
Goals for this period are 0 for Comets vs 1 for Wild.
Shots for this period are 10 for Comets vs 13 for Wild.

3rd period


0:01 of 3rd period - Tyler Kennedy wins face-off versus Alex Friesen in neutral zone.
0:39 of 3rd period - Minor Penalty to Steve Eminger for Goalie Interference.
0:40 of 3rd period - Alex Friesen wins face-off versus Tyler Kennedy in Wild zone.
0:52 of 3rd period - Slapshot by Alex Friesen.
0:52 of 3rd period - Shot Misses the Net.
0:54 of 3rd period - Slapshot by Julius Honka.
0:54 of 3rd period - Shot Misses the Net.
0:56 of 3rd period - Slapshot by Mark Van Guilder.
0:56 of 3rd period - Shot Misses the Net.
0:58 of 3rd period - Slapshot by Jani Hakanpaa.
0:58 of 3rd period - Stopped by Mike Condon without a rebound.
0:59 of 3rd period - Tyler Kennedy wins face-off versus Alex Friesen in Comets zone.
1:34 of 3rd period - Tyler Kennedy is hit by Julius Honka.
1:45 of 3rd period - Wrist shot by Corbin McPherson.
1:45 of 3rd period - Stopped by Doug Carr with a rebound.
1:46 of 3rd period - Penalty to Mark Pysyk is over, Mark Pysyk is back on ice.
2:39 of 3rd period - Penalty to Steve Eminger is over, Steve Eminger is back on ice.
3:28 of 3rd period - Devin Shore is hit by Nicklas Jensen.
3:38 of 3rd period - Snap shot by Scott Glennie.
3:38 of 3rd period - Shot Blocked by Anthony Camara.
4:12 of 3rd period - Wrist shot by Mike Sislo.
4:12 of 3rd period - Stopped by Doug Carr with a rebound.
4:18 of 3rd period - Minor Penalty to Steve Eminger for Slashing.
4:19 of 3rd period - Jeremy Welsh wins face-off versus Alex Friesen in Wild zone.
4:22 of 3rd period - Snap shot by Tyler Kennedy.
4:22 of 3rd period - Shot Blocked by Alex Friesen.
4:24 of 3rd period - Wrist shot by Tyler Kennedy.
4:24 of 3rd period - Stopped by Doug Carr without a rebound.
4:25 of 3rd period - Jeremy Welsh wins face-off versus Mark Van Guilder in Wild zone.
4:52 of 3rd period - 10 Minutes Misconduct Penalty to Jared Boll is over.
4:53 of 3rd period - Mike Sislo is hit by Mark Van Guilder and loses puck.
5:30 of 3rd period - Slapshot by Alex Friesen.
5:30 of 3rd period - Shot Misses the Net.
5:32 of 3rd period - Slapshot by Alex Friesen.
5:32 of 3rd period - Deflect By Mark Van Guilder.
5:32 of 3rd period - Stopped by Mike Condon with a rebound.
5:34 of 3rd period - Snap shot by Alex Friesen.
5:34 of 3rd period - Shot Blocked by Kent Huskins.
5:36 of 3rd period - Slapshot by Jon Landry.
5:36 of 3rd period - Shot Misses the Net.
6:18 of 3rd period - Penalty to Steve Eminger is over, Steve Eminger is back on ice.
6:29 of 3rd period - Jani Hakanpaa is hit by Keith Ballard and loses puck.
6:50 of 3rd period - Wrist shot by Dan Catenacci.
6:50 of 3rd period - Shot Misses the Net.
6:52 of 3rd period - Wrist shot by Micheal Haley.
6:52 of 3rd period - Shot Misses the Net.
6:54 of 3rd period - Slapshot by Jon Landry.
6:54 of 3rd period - Stopped by Mike Condon with a rebound.
6:56 of 3rd period - Slapshot by Jon Landry.
6:56 of 3rd period - Deflect By David Wolf.
6:56 of 3rd period - Shot Misses the Net.
6:56 of 3rd period - Puck is out of play.
6:57 of 3rd period - David Wolf wins face-off versus Brendan Gaunce in Comets zone.
7:00 of 3rd period - Wrist shot by David Wolf.
7:00 of 3rd period - Shot Misses the Net.
7:02 of 3rd period - Slapshot by Steve Eminger.
7:02 of 3rd period - Shot Blocked by Corbin McPherson.
9:11 of 3rd period - Alex Friesen is hit by John Scott and loses puck.
9:34 of 3rd period - Wrist shot by Tyler Kennedy.
9:34 of 3rd period - Goal by Tyler Kennedy - Comets : 1 - Wild : 1.
9:35 of 3rd period - Landon Ferraro wins face-off versus David Wolf in neutral zone.
9:46 of 3rd period - Snap shot by Ben Hanowski.
9:46 of 3rd period - Stopped by Doug Carr without a rebound.
9:47 of 3rd period - David Wolf wins face-off versus Landon Ferraro in Wild zone.
9:54 of 3rd period - Slapshot by David Wolf.
9:54 of 3rd period - Shot Blocked by Andrew Ference.
9:56 of 3rd period - Slapshot by Jon Landry.
9:56 of 3rd period - Stopped by Mike Condon with a rebound.
9:58 of 3rd period - Snap shot by Dan Catenacci.
9:58 of 3rd period - Stopped by Mike Condon with a rebound.
10:07 of 3rd period - Jon Landry beats up Jeremy Welsh.
10:07 of 3rd period - Penalty to Jon Landry for Fighting.
10:07 of 3rd period - Penalty to Jeremy Welsh for Fighting.
10:08 of 3rd period - Devin Shore wins face-off versus Nicklas Jensen in Wild zone.
10:19 of 3rd period - Wrist shot by Michael Keranen.
10:19 of 3rd period - Stopped by Mike Condon without a rebound.
10:20 of 3rd period - Nicklas Jensen wins face-off versus Devin Shore in Comets zone.
10:33 of 3rd period - Wrist shot by Tyler Kennedy.
10:33 of 3rd period - Shot Misses the Net.
10:39 of 3rd period - Slapshot by Andrew Ference.
10:39 of 3rd period - Shot Blocked by Jerome Leduc.
11:11 of 3rd period - David Wolf is hit by Keith Ballard and loses puck.
11:22 of 3rd period - Kent Huskins is hit by David Wolf and loses puck.
11:29 of 3rd period - Snap shot by David Wolf.
11:29 of 3rd period - Shot Misses the Net.
11:31 of 3rd period - Slapshot by Steve Eminger.
11:31 of 3rd period - Stopped by Mike Condon with a rebound.
11:33 of 3rd period - Backhand shot by Micheal Haley.
11:33 of 3rd period - Shot Misses the Net.
12:05 of 3rd period - Wrist shot by Garrett Mitchell.
12:05 of 3rd period - Shot Misses the Net.
12:07 of 3rd period - Slapshot by Julius Honka.
12:07 of 3rd period - Stopped by Mike Condon with a rebound.
12:09 of 3rd period - Slapshot by Steve Eminger.
12:09 of 3rd period - Deflect By Mike Sislo.
12:09 of 3rd period - Stopped by Mike Condon with a rebound.
12:17 of 3rd period - Snap shot by Garrett Mitchell.
12:17 of 3rd period - Stopped by Mike Condon without a rebound.
12:18 of 3rd period - Scott Glennie wins face-off versus Alex Friesen in Comets zone.
12:49 of 3rd period - Tyler Kennedy is hit by Jerome Leduc and loses puck.
12:59 of 3rd period - Jani Hakanpaa and Corbin McPherson fight to a draw.
12:59 of 3rd period - Penalty to Jani Hakanpaa for Fighting.
12:59 of 3rd period - Penalty to Corbin McPherson for Fighting.
12:59 of 3rd period - Penalty to Jani Hakanpaa for instigated a fight.
12:59 of 3rd period - Penalty to Jani Hakanpaa for instigated a fight.
13:00 of 3rd period - Devin Shore wins face-off versus Nicklas Jensen in Comets zone.
13:19 of 3rd period - Snap shot by Nicklas Jensen.
13:19 of 3rd period - Shot Misses the Net.
13:33 of 3rd period - Snap shot by Keith Ballard.
13:33 of 3rd period - Stopped by Doug Carr with a rebound.
14:05 of 3rd period - Jerome Leduc is hit by Nicklas Jensen and loses puck.
14:59 of 3rd period - Penalty to Jani Hakanpaa is over, Cam Janssen is send on ice.
15:00 of 3rd period - Julius Honka is hit by Scott Glennie and loses puck.
15:19 of 3rd period - Wrist shot by Scott Glennie.
15:19 of 3rd period - Shot Misses the Net.
16:05 of 3rd period - Mark Van Guilder is hit by Tyler Kennedy and loses puck.
16:20 of 3rd period - Andrew Ference is hit by Francis Wathier and loses puck.
16:39 of 3rd period - Minor Penalty to Devin Shore for Roughing.
16:40 of 3rd period - Alex Friesen wins face-off versus Landon Ferraro in Wild zone.
17:42 of 3rd period - Slapshot by Tyler Kennedy.
17:42 of 3rd period - Stopped by Doug Carr with a rebound.
17:59 of 3rd period - Penalty to Jani Hakanpaa is over, Cam Janssen is send on ice.
18:01 of 3rd period - Andrew Ference is hit by Mark Van Guilder and loses puck.
18:14 of 3rd period - Slapshot by Andrew Ference.
18:14 of 3rd period - Deflect By Micheal Haley.
18:14 of 3rd period - Stopped by Doug Carr with a rebound.
18:16 of 3rd period - Snap shot by Jeremy Welsh.
18:16 of 3rd period - Shot Misses the Net.
18:18 of 3rd period - Snap shot by Jeremy Welsh.
18:18 of 3rd period - Stopped by Doug Carr with a rebound.
18:20 of 3rd period - Snap shot by Jeremy Welsh.
18:20 of 3rd period - Shot Blocked by Steve Eminger.
18:22 of 3rd period - Slapshot by Andrew Ference.
18:22 of 3rd period - Shot Blocked by Steve Eminger.
18:24 of 3rd period - Wrist shot by Jeremy Welsh.
18:24 of 3rd period - Shot Blocked by Julius Honka.
18:39 of 3rd period - Penalty to Devin Shore is over, Devin Shore is back on ice.
19:54 of 3rd period - Snap shot by Dan Catenacci.
19:54 of 3rd period - Shot Blocked by Derek Meech.
Goals for this period are 1 for Comets vs 0 for Wild.
Shots for this period are 9 for Comets vs 10 for Wild.

Overtime #1


0:01 of 1st overtime period - Alex Friesen wins face-off versus Tyler Kennedy in neutral zone.
0:16 of 1st overtime period - Keith Ballard is hit by Julius Honka and loses puck.
0:21 of 1st overtime period - Snap shot by Mark Van Guilder.
0:21 of 1st overtime period - Stopped by Mike Condon with a rebound.
0:23 of 1st overtime period - Slapshot by Julius Honka.
0:23 of 1st overtime period - Shot Blocked by Tyler Kennedy.
0:25 of 1st overtime period - Wrist shot by Alex Friesen.
0:25 of 1st overtime period - Stopped by Mike Condon with a rebound.
0:27 of 1st overtime period - Slapshot by Mark Van Guilder.
0:27 of 1st overtime period - Shot Misses the Net.
0:29 of 1st overtime period - Snap shot by Julius Honka.
0:29 of 1st overtime period - Stopped by Mike Condon with a rebound.
0:31 of 1st overtime period - Snap shot by Alex Friesen.
0:31 of 1st overtime period - Shot Misses the Net.
0:33 of 1st overtime period - Wrist shot by Alex Friesen.
0:33 of 1st overtime period - Shot Misses the Net.
0:35 of 1st overtime period - Slapshot by Julius Honka.
0:35 of 1st overtime period - Stopped by Mike Condon with a rebound.
0:37 of 1st overtime period - Wrist shot by Steve Eminger.
0:37 of 1st overtime period - Deflect By Alex Friesen.
0:37 of 1st overtime period - Stopped by Mike Condon with a rebound.
0:55 of 1st overtime period - Mark Van Guilder is hit by Andrew Ference and loses puck.
1:46 of 1st overtime period - Jon Landry is hit by Scott Glennie and loses puck.
2:32 of 1st overtime period - Slapshot by Mark Pysyk.
2:32 of 1st overtime period - Shot Blocked by Steve Eminger.
2:38 of 1st overtime period - Julius Honka is hit by Ben Hanowski and loses puck.
2:53 of 1st overtime period - Francis Wathier is hit by John Scott and loses puck.
4:03 of 1st overtime period - Brendan Gaunce is hit by Mike Moore and loses puck.
4:16 of 1st overtime period - Devin Shore is hit by Scott Glennie and loses puck.
Goals for this period are 0 for Comets vs 0 for Wild.
Shots for this period are 0 for Comets vs 5 for Wild.

ShootOut


5:00 of 1st overtime period - Penalty Shot by John Scott for Comets.
5:00 of 1st overtime period - Snap shot by John Scott.
5:00 of 1st overtime period - Shot Misses the Net.
5:00 of 1st overtime period - Penalty Shot by Devin Shore for Wild.
5:00 of 1st overtime period - Snap shot by Devin Shore.
5:00 of 1st overtime period - Goal by Devin Shore.
5:00 of 1st overtime period - Penalty Shot by Tyler Kennedy for Comets.
5:00 of 1st overtime period - Wrist shot by Tyler Kennedy.
5:00 of 1st overtime period - Stopped by Doug Carr.
5:00 of 1st overtime period - Penalty Shot by Mark Van Guilder for Wild.
5:00 of 1st overtime period - Wrist shot by Mark Van Guilder.
5:00 of 1st overtime period - Stopped by Mike Condon.
5:00 of 1st overtime period - Penalty Shot by Mike Sislo for Comets.
5:00 of 1st overtime period - Wrist shot by Mike Sislo.
5:00 of 1st overtime period - Stopped by Doug Carr.